Construct Section Command Post
Construct Platoon Command Post
6-pounder Anti-tank Gun Team
Construct Field Infirmary
Construct Company Command Post
Selects Heavy Armor Battlegroup
Selects Engineer Detachments
Selects Crusader AA Medium Tank
Selects UNKNOWN (2162094)
Selects Light Vehicle Withdraw and Refit
Light Vehicle Withdraw and Refit
Selects Forward Repair Assembly
Unlock Towed 17-pounder Anti-tank Guns
17-pounder Anti-tank Gun Team